[Event "44th Chess Olympiad Open 2022"]
[Site "Chennai"]
[Date "2022.07.29"]
[Round "1.21"]
[White "Ali Marandi, Cemil Can"]
[Black "Chahin Godoy, Angel Eduardo"]
[Result "1-0"]
[WhiteElo "2561"]
[BlackElo "1844"]
[Annotator "TA"]
[PlyCount "81"]
[EventDate "2022.??.??"]
[TimeControl "60"]

1. d4 Nf6 2. Bf4 d5 3. e3 e6 4. Nd2 c5 5. c3 Bd6 6. Bxd6 {[%emt 0:00:13] D00:1 d4 d5:
Unusual lines.} Qxd6 7. f4 {[%emt 0:00:04] 7.Bd3 injects
fresh life into this line.} cxd4 8. cxd4 {[%emt 0:03:03] [#]
The position is equal.} Ne4 $146 ({Predecessor:} 8... O-O 9.
Bd3 b6 10. Qe2 Bb7 11. Ngf3 Ne4 12. O-O Nd7 13. Rfc1 Rac8 14. a3 Ndf6 {½-½ 
(26) Matuszewski,M (2518)-Mista,A (2599) Katowice 2019}) 9. Bd3 f5 10. Ngf3 O-O 11. O-O Nc6 12. Ne5 Nxe5 13. fxe5 Qb4 14. Bxe4 dxe4 15. a3 Qb5 16. Rc1 Bd7 17. Nc4 Bc6 18. b4 (18. Qd2 $16) 18... Bd5 (18...
Qa6 $14) 19. Nd6 $16 {[%emt 0:00:23] White now steadily converts the win.} Qd7 20. Rc3 Qe7 21. Qh5 Rad8 22. Rfc1 {[%emt 0:01:52] 0x0.
0002df40fc02dp-1022s more active pieces.} Rxd6 (22... b6 $16)
23. exd6 $18 Qxd6 24. Rc8 Bc6 25. Rxf8+ Qxf8 {[%emt 0:00:48] Endgame
KQR-KQB} 26. Qh4 Qd6 27. Rc5 {[%emt 0:05:54]
aiming for b5.} h6 (27... a6 {keeps fighting.} 28. Kf2 h6) 28.
b5 Bd5 29. Qh5 b6 (29... Kh7 $142 30. Qf7 Qd8) 30. Rc3 {[%emt 0:01:01] Strongly
threatening Qg6.} Kh7 31. Qf7 {[%emt 0:02:04] [#] Prevents
Qd7. Black must now prevent Rc7.} Qd8 32. Qc7 $40 {[%emt 0:02:
42] Black is in trouble.} ({Weaker is} 32. Qxa7 Qh4 33. Rc1 Qh5 $16) ({Resist} 
32. Rc7 $6 Qg5 33. Kh1 Bc4 $16) (32. h3 $142) 32... Qh4 $2 (
32... Qe8) 33. Qg3 {[%emt 0:00:15] White is clearly winning.} Qh5 {[%emt 0:00:
27] Threatens to win with ...Qd1+.} 34. h3 Qg5 35. Qxg5 hxg5 {[%emt 0:00:05] KR-KB} 36. Rc7 f4 37. Kf2 Kg6 38. Rxa7 Bc4 39. a4 Bb3 40. a5 bxa5 41. b6 {[%emt 0:28:41]
Weighted Error Value: White=0.13 (very precise) / Black=0.54} 1-0

[Event "44th Chess Olympiad Open 2022"]
[Site "Chennai"]
[Date "2022.07.29"]
[Round "1.21"]
[White "Chinchilla, Alejandro Jose"]
[Black "Yilmaz, Mustafa"]
[Result "0-1"]
[WhiteElo "2166"]
[BlackElo "2634"]
[Annotator "TA"]
[PlyCount "62"]
[EventDate "2022.??.??"]
[TimeControl "60"]

1. e4 c5 2. Nf3 d6 3. d4 cxd4 4. Nxd4 Nf6 5. Nc3 a6 6. Be3 e5 7. Nf3 Be7 8. Bc4 Be6 9. Bb3 {[%emt 0:06:00] 9.Bb3
is better than 9.Bxe6. B90: Sicilian Najdorf: Unusual White 6th moves, 6 Be3
Ng4 and 6 Be3 e5.} Nbd7 10. Bxe6 fxe6 11. Ng5 {[%emt 0:00:07] The position is equal.} Nf8 12. Qf3 (12. O-O $11) 12... h6 $15 13. Qh3 Qd7 {[%emt 0:02:35] [#]} 14. O-O $146 (14. O-O-O $15) ({Predecessor:} 14. Rd1 Rg8 15. Nf3 Qc6 16. Nd2 d5 17. exd5
exd5 18. Nf3 N8d7 19. O-O Rd8 20. Rfe1 {½-½ (102) Moiseenko,V (2526)-Sakaev,
K (2596) Khanty-Mansiysk 2019}) 14... Rg8 $1 $17 15. Nf3 g5 $1 16. Qxh6 (16. Nd2 $17)
16... Rg6 $1 $19 17. Qh8 {[%emt 0:00:00] [#]} O-O-O $1 {
[%emt 0:55:55] aiming for ...N8h7.} 18. Nxe5 ({Avoid the trap
} 18. Nxg5 $2 {[#]} N8h7 $1 19. Qxd8+ Bxd8 $19) 18... dxe5 19.
Rad1 Qc6 {[%emt 0:00:00] Strongly threatening ...N8h7.} 20.
Rxd8+ Kxd8 21. a4 Rg8 ({Stronger than} 21... Nxe4 22. Rd1+ Ke8
23. Qxe5 Nxc3 24. Qxc3 $19) 22. Rd1+ Ke8 23.
Qh6 Nxe4 24. Qh5+ Rg6 25. Rd3 Nf6 26. Qd1 Kf7 27. Bd2 N8d7 28.
Rg3 g4 29. Qe2 Bd6 {[%emt 0:
00:00] Black is clearly winning.} 30. h3 e4 31. Re3 Bf4 {[%emt 0:00:00] Black took control after the
opening. Weighted Error Value: White=0.40/Black=0.03 (flawless)} 0-1

[Event "44th Chess Olympiad Open 2022"]
[Site "Chennai"]
[Date "2022.07.29"]
[Round "1.21"]
[White "Gavarrete, Joel"]
[Black "Sanal, Vahap"]
[Result "0-1"]
[WhiteElo "2035"]
[BlackElo "2574"]
[Annotator "TA"]
[PlyCount "106"]
[EventDate "2022.??.??"]
[TimeControl "60"]

1. Nf3 d5 2. b3 Bf5 3. Bb2 e6 4. e3 Nf6 5. Be2 h6 6. O-O Be7 {[%emt 0:00:11] A06: Réti Opening: 1 Nf3 d5.} 7.
d3 O-O 8. Nbd2 Nbd7 {
[%emt 0:01:37] The position is equal.} 9. Re1 a5 10. a4 Bh7 11. Bf1 {[%emt 0:05:43] [#]}
Re8 $146 ({Predecessor:} 11... c6 12. e4 dxe4 13. dxe4 Bb4 14.
Qe2 Qe7 15. Red1 Rfd8 16. g3 Nc5 17. e5 Nd5 {0-1 (33) Tolush,A-Smyslov,V
Moscow 1944}) 12. e4 dxe4 13. Nxe4 Nxe4 14. dxe4 Nc5 15. Bd3 Nxd3 16. Qxd3 Qxd3 17. cxd3 Red8 18. Red1 f6 19. Kf1 Rd7 20. Bc3 Kf8 21. Ke2 b6 22. Nd2 Rad8 23. Nc4 e5 24. f3 Bg8 25. Bb2 Be6 26. Ba3 Bxa3
27. Rxa3 h5 28. Raa1 h4 29.
Rac1 Ke7 (29... g5 {is more complex.} 30. Rc3
Ke7 31. Ke3 Rh8) 30. Rc3 Rb8 (30... g5 {
keeps more tension.} 31. Ke3 Ke8 32. Rb1 Kf7) 31. Rdc1 (31.
Ke3 {with more complications.} Re8 32. Rcc1 Red8 33. Rc3) 31... g6 32. Ke3 Re8 33. Nd2 Kd8 34. Rc6 Rf7 35. h3 Bc8 36. R6c3 Bb7 37. R1c2 Rd7 (37... Re6 {feels hotter.} 38.
f4 exf4+ 39. Kxf4 g5+) 38. Ke2 Kc8 (38... c5
$17) 39. Nc4 (39. Rb2 $1 $11) 39... Kb8 (39... Re6 $1 $17) 40.
Ke3 (40. Rb2 $1 $11 {keeps the balance.}) 40... Red8 41. Rc1 Ba6 42. R1c2 Rd4 43. Nb2 R8d7 {[%emt 0:34:06] Black is more active.} 44.
Nc4 g5 45. Rd2 Rd8 46. Rdc2 c6 47. Nxb6 $2 {[%emt 0:01:27] Loses the
game.} (47. Ke2 $17 {is a better chance.}) 47... Rxd3+ $19 48.
Kf2 Rxc3 49. Rxc3 {[%emt 0:00:00] [#]} Kb7 50. Nc4 {[%emt 0:00:00] Prevents Rd2+.} Bxc4 51. Rxc4 Rd2+ 52. Kf1 {[%emt 0:00:00] [#]}
Rd3 $1 53. b4 (53. Rc5 $142 Kb6 54. Rc2)
53... Rd4 {[%emt 0:00:00] Weighted Error Value: White=0.32/ Black=0.09 
(flawless)} 0-1

[Event "44th Chess Olympiad Open 2022"]
[Site "Chennai"]
[Date "2022.07.29"]
[Round "1.22"]
[White "Rodshtein, Maxim"]
[Black "Rurik Capella"]
[Result "1-0"]
[WhiteElo "2596"]
[BlackElo "1952"]
[Annotator "TA"]
[PlyCount "89"]
[EventDate "2022.??.??"]
[TimeControl "60"]

1. d4 Nf6 2. c4 c5 3. d5 e6 4. Nc3 exd5 5. cxd5 d6 6. Nf3 g6 7. Bf4 Bg7 8.
Qa4+ Bd7 9. Qb3 Qc7 10. e4 Nh5 11. Be3 O-O 12. Nd2 a6 {[%emt 0:03:37] A70:
Modern Benoni: 6 e4 g6 7 Nf3.} 13. a4 f5 {[%emt 0:11:23]
aiming for ...f4.} 14. exf5 (14. Nc4 {seems wilder.} Bxc3+ 15.
Qxc3 fxe4 16. Bh6) 14... gxf5 {[%emt 0:04:08] White is slightly better.} 15.
Be2 Be8 {[%emt 0:05:52] [#]} 16. Nc4 ({
White should try} 16. Nf3 $1 $16) 16... Nd7 $11 {[%emt 0:11:02] [#]} 17. Qd1
$146 ({Predecessor:} 17. O-O f4 18. Bd2 Ne5 19. Nxe5 Bxe5 20.
Ne4 Qg7 21. Bf3 Nf6 22. Nxf6+ Rxf6 23. Bc3 Rf5 24. Rfe1 b5 25. axb5 Bxb5 26.
Bxe5 {½-½ (26) Kuljasevic,D (2550)-Rogulj,B (2400) Mali Losinj 2019}) 17...
Nhf6 18. Bf4 Ne5 19. Bxe5 (19. Nxe5 {with more complications.} dxe5 20. d6 Qc6 21. Bxe5
Qxg2 22. Bf3) 19... dxe5 20. d6 $36 {[%emt 0:00:16] White is
more active.} Qd8 21. Nxe5 Kh8 22. f4 Ne4 {[%emt 0:00:57] White
leaves nothing to chance now.} (22... Nd7 $11 {remains equal.}) 23. Nxe4 $16 Bxe5 (23... fxe4 $16 24. O-O Bc6) 24. fxe5 $18 fxe4 25. Qd2 {[%emt 0:02:03] Prevents Qg5.}
Qh4+ 26. g3 Qh3 (26... e3
$142 27. Qc3 (27. gxh4 exd2+ 28. Kxd2 Rf5 $18) (27. Qxe3 Qb4+ 28. Qc3 Bd7 $18)
27... Qe4 28. e6+ Kg8) 27. Qc3 {[%emt 0:01:10] [#] And now e6+ would win.} Qg2 28. e6+ Kg8 29. Rf1 Bh5 30. Qd2 (30. Bc4 $18 Rxf1+ 31. Bxf1) 30... Bxe2 $4 (30... e3 $14
31. Qxe3 Bxe2 32. Qg5+ (32. Qxe2 Rxf1+ 33. Qxf1 Qe4+ 34. Qe2 Qh1+ 35. Qf1 Qe4+
36. Qe2 Qh1+ 37. Qf1 Qe4+ $11) 32... Kh8 33. Qe5+ Kg8 34. Qxe2 Rxf1+ 35. Qxf1
Qe4+ 36. Qe2 Qh1+ 37. Qf1 Qe4+ 38. Qe2 Qh1+ 39. Kf2 (39. Qf1 Qe4+ $11) 39...
Rf8+ 40. Ke3 Qxa1) 31. Qxe2 Rxf1+ 32. Qxf1 Qxb2 $14 {[%emt 0:00:02] Endgame KQR-KQR} 33. Qf7+ Kh8 34. Rd1 {[%emt 0:00:17] White wants to mate with e7.
Active counter play!} Qxh2 35. Qf6+ Kg8 36. Qf7+ (36. Qg5+ $142 Kh8 37. d7 Qh1+ 38.
Kd2 Qf3 39. e7 Qd3+ 40. Ke1 Qc3+ 41. Rd2) 36... Kh8 $18 37. e7
{[%emt 0:01:08] Qf8+ would kill now.} Qxg3+ 38. Ke2 {[%emt 0:
00:04] Threatening mate with Qf8+.} Qh2+ 39. Qf2 Qh5+ 40. Ke3 (40. Ke1 $142 Qh1+ 41. Kd2
Qh6+ 42. Kc2 Rg8 43. d7 Qe6 44. e8=Q Qa2+ 45. Kc1) 40... Qh6+ 41. Qf4 Qg7 42. Kxe4 Qg2+ 43. Kd3 (43. Kf5 $142 Qg6+ 44. Ke5 Qh5+ 45.
Ke6 Rg8 46. Qe5+ Qxe5+ 47. Kxe5 Rg5+ 48. Kf4) 43... c4+ 44.
Kc3 (44. Ke3 $142 Qg7 45. Qd4 Qxd4+ 46. Kxd4 Rg8 47. d7 Rg4+
48. Ke3 h5 49. e8=Q+ Kg7 50. Qe7+ Kh6 51. Rd6+ Rg6 52. d8=Q Rf6 53. Qxf6+ Kh7
54. Qfh8#) 44... Qh3+ 45. Kd4 {[%emt 0:00:00] Weighted Error
Value: White=0.52/ Black=1.49} 1-0

[Event "44th Chess Olympiad Open 2022"]
[Site "Chennai"]
[Date "2022.07.29"]
[Round "1.22"]
[White "Boruchovsky, Avital"]
[Black "Willem Blijstra"]
[Result "1-0"]
[WhiteElo "2551"]
[BlackElo "2198"]
[Annotator "TA"]
[PlyCount "49"]
[EventDate "2022.??.??"]
[TimeControl "60"]

1. e4 c5 2. Nf3 d6 3. Bb5+ Nd7 4. Ba4 Ngf6 5. O-O a6 6. c4 {[%emt 0:00:
00] Prevents b5. B51: Sicilian: Moscow Variation (3 Bb5+) without 3...Bd7.} e5 7. Nc3 Be7 8. Ne1 $5 {
[%emt 0:06:49] White is slightly better. Exploring less charted territory.} O-O 9. d3 Nb8 {[%emt 0:06:34] [#]}
10. Nc2 $146 ({Predecessor:} 10. f4 exf4 11. Bxf4 Bd7 12. Bxd7
Qxd7 13. Nd5 Nxd5 14. exd5 Bf6 15. Qd2 Qc7 16. Nf3 {1-0 (60) Zhivotovskaya,A 
(1755)-Chernov,M (1962) St Petersburg 2013}) 10... Nc6 11. a3 Nd4 12. Nxd4 cxd4 13. Ne2 Ne8 14. Ng3 g6 15. f4 f5 {[%emt 0:03:56] [#]} (15... Bh4
$11 {remains equal.}) 16. exf5 $1 $16 gxf5 (
16... Bxf5 $16 {keeps fighting.} 17. fxe5 Ng7) 17. Qe2 $18 Bf6 18. fxe5 Bxe5 {[%emt 0:07:25] [#]} 19. Bf4 $1 Bf6 20. Nh5 {[%emt 0:05:13] Bxe8 is the
strong threat.} Ng7 21. Nxf6+ Qxf6 22. Rae1 Rf7 23. c5 Be6 24. Bxd6 {[%emt 0:01:46] And now Be5 would win. This
bishop pair is nice.} Bd5 25. Qe5 {[%emt 0:00:26] Weighted
Error Value: White=0.06 (flawless) /Black=0.33} 1-0

[Event "44th Chess Olympiad Open 2022"]
[Site "Chennai"]
[Date "2022.07.29"]
[Round "1.22"]
[White "Ursus van Bemmelen"]
[Black "Nabaty, Tamir"]
[Result "0-1"]
[WhiteElo "2145"]
[BlackElo "2631"]
[Annotator "TA"]
[PlyCount "64"]
[EventDate "2022.??.??"]
[TimeControl "60"]

1. Nf3 d5 2.
g3 Nd7 3. d4 g6 4. Bg2 Bg7 5. O-O Ngf6 6. b3 {[%emt 0:01:05] D02:1 d4 d5 2 Nf3 sidelines, including
2...Nf6 3 g3 and 2...Nf6 3 Bf4.} c5 7. e3 O-O 8. Bb2 {[%emt 0:03:05] The position is equal.} Qc7 $5 {
[%emt 0:09:41] [#] A promising side line.} 9. Qe2 $146 ({
Predecessor:} 9. Nbd2 b6 10. Rc1 Ba6 11. Re1 Rad8 12. c4 Qb8 13. Rc2 Bb7 14.
Qa1 Qa8 15. h3 {0-1 (22) Salazar,P (2200)-Martin Del Campo C,J (2254) Merida
2000}) 9... b6 10. Na3 Bb7 11. c4 Rac8 12. Rac1 Qb8 13. Rfd1 Rfd8 14. Bh3 e6 15. cxd5 Bxd5 16. Bg2 cxd4 17. Bxd4 Rxc1 18. Rxc1 e5 19. Bb2 e4 20. Ne1 Nc5 21. Rd1 {[%emt 0:04:06] Prevents Nd3.}
Bb7 22. Nc4 Ba6 23. Rxd8+ Qxd8 24. Qd2 Qd5 25. Bxf6 (25. Qd4 {
with more complications.} Bxc4 26. bxc4 Qa8 27. Qd1) 25... Bxc4 26. Qxd5 (26. Bd4 {is more complex.} Bb5 27. Qb4 Bxd4 28.
Qxd4 Bc6 29. Nc2) 26... Bxd5 27. Bxg7 Kxg7
$11 {[%emt 0:02:25] KBN-KBN} 28. Bf1 (28. Kf1 $11) 28... a5
$17 {[%emt 0:00:00][%cal Yc5b3] ...Nxb3! is the strong threat.} 29. Bb5 $2 {
[%emt 0:00:00] [#] Now White is beyond hope.} (29. Bg2 $17) 29... Nxb3 $1 $19 30. axb3 Bxb3 31. Kf1 {
[%emt 0:00:00] aiming for Ke2.} a4 32. Bxa4 Bxa4 {[%emt 0:00:00] Weighted Error Value: White=0.17 (very precise) /Black=0.
02 (flawless)} 0-1

[Event "44th Chess Olympiad Open 2022"]
[Site "Chennai"]
[Date "2022.07.29"]
[Round "1.23"]
[White "Markus, Robert"]
[Black "Pace, Colin"]
[Result "1-0"]
[WhiteElo "2616"]
[BlackElo "2159"]
[Annotator "TA"]
[PlyCount "73"]
[EventDate "2022.??.??"]
[TimeControl "60"]

1. d4 f5 2. Bg5 h6 3. Bh4 g5 4. e3 Nf6 5. Bg3 d6 6. Nc3 e6 {[%emt 0:05:57] A80: Dutch Defence: Unusual White second moves.} 7. h4
Rg8 8. hxg5 hxg5 {[%emt 0:01:51] White is
slightly better.} 9. Qd2 Bd7 10. O-O-O Qe7 11. f3 Nc6 12. e4 $36 {White fights for an advantage.} f4 (12...
fxe4 $11 {remains equal.} 13. fxe4 (13. Nxe4 g4 $11) 13... O-O-O) 13. Bf2 $16 a6 14. Nge2 Bg7 15. g3 {[%emt 0:06:29] [#]} fxg3 $146 ({
Predecessor:} 15... e5 16. gxf4 gxf4 17. dxe5 Nxe5 18. Nxf4 O-O-O 19. Qe3 c5
20. Be2 Bc6 21. Nfd5 Qf7 {1-0 (41) Delchev,A (2568)-Beerdsen,T (2482) Anogia
2019}) 16. Nxg3 Bh8 (16... Qf7 $14) 17. Be3 O-O-O 18. Bc4 (18. Bxg5 Nxd4
19. Qxd4 (19. Rxh8 Nxf3 20. Rxg8 Rxg8 $11) 19... Rxg5 $11) (18. Nce2 $16) 18...
Qf7 (18... g4 $14) 19. Nf5 {[%emt 0:09:28] White is more
active.} ({White should play} 19. Bxg5 $16 {aiming for Nf5.} Rdf8 20. Nge2)
19... Rg6 $1 $14 20. Ng3 (20. Bb3 $14) 20...
Rgg8 $1 $16 21. Bb3 (21. Bxg5 $16 Rdf8 22.
Nge2) 21... Qg6 {[%emt 0:02:58] Prevents Nf5.} 22. Nce2 ({
Better is} 22. a3 $16) 22... Rdf8 $11 23. c4 g4 24. f4 {[%emt 0:03:46] Threatens to win with e5.} Nxe4 25. Nxe4 Qxe4 26. Bc2 Qf3 27. Rdf1 Qg2 28. Rfg1 $1 Qf3 29. Ng3 {[%emt 0:00:32]
Be4 is the strong threat.} Bxd4 $1 30. Bxd4 Rxf4 {[%emt 0:01:20] [#]} (30... Nxd4 $11 31. Qxd4 Qxf4+ 32. Qxf4 Rxf4) 31. Bc3
$1 $16 {[%emt 0:09:22] Black must now prevent Rf1. This bishop pair is nice.} (
{Much worse is} 31. Ne2 $6 Nxd4 32. Nxd4 (32. Nxf4 Qxf4 33. Qxf4 Ne2+ 34. Kd2
Nxf4 $17) 32... Qf2 $11) 31... Rxc4 32. Nh5 (
{White should try} 32. Bd1 $16 Qd5 33. Qxd5 (33. Bb3 Qxd2+ 34. Kxd2 Rf4 $11)
33... exd5 34. Bb3) 32... g3 33. Qd3 {[%emt 0:02:44] White
has strong compensation.} Qd5 {[%emt 0:03:21] [#] Loses the game.} (33... Ne5
$14 34. Qxf3 Nxf3 35. Rxg3 Rxg3 36. Nxg3 Rh4) 34. Nf6 $1 $18 (
{Not} 34. Nxg3 Qxd3 35. Bxd3 Rcg4 $14) 34... Qg5+ 35. Kb1 {
[%emt 0:00:05] White is clearly winning.} g2 (35... Rxc3 $142
36. Qxc3 Rd8 37. Rxg3 Qf4) 36. Rh5 Rxc3 37.
Rxg5 {[%emt 0:00:22] Weighted Error Value: White=0.14 (very precise) /Black=0.
46} 1-0

[Event "44th Chess Olympiad Open 2022"]
[Site "Chennai"]
[Date "2022.07.29"]
[Round "1.23"]
[White "Perunovic, Milos"]
[Black "Mizzi, Jack"]
[Result "1-0"]
[WhiteElo "2539"]
[BlackElo "1913"]
[Annotator "TA"]
[PlyCount "106"]
[EventDate "2022.??.??"]
[TimeControl "60"]

1. e4 c6 2. d4 d5 3. e5 c5 4. Nf3 cxd4 5. Nxd4 e6 6. Nd2
{[%emt 0:03:33] B12: Caro-Kann: Advance Variation.} Nc6 7.
Nxc6 bxc6 8. Bd3 {[%emt 0:01:24] [#] The
position is equal.} Qc7 $146 ({Predecessor:} 8... Ne7 9. Nf3
a5 10. O-O Ng6 11. Re1 Ba6 12. Bxg6 hxg6 13. Bg5 Qb6 14. Rb1 c5 15. b3 Be7 16.
Bxe7 Kxe7 17. Qd2 {½-½ (17) Paravyan,D (2617)-Alekseenko,K (2698) Chess.com
INT 2022}) 9. Nf3 Ne7 10. O-O Ng6 11. Re1 Be7 12. c3 Bb7 13. Qa4 a5 14. h4 {[%emt 0:00:00] White is more active.} Bc5 15. Qg4 Qb6 (15... Bf8 $16)
16. Nd4 ({Better is} 16. Be3 $18) 16... Bxd4 $16 17. cxd4 Qb4 18. Be3 O-O-O $2 {[%emt 0:22:02] This costs Black the game.} (18... Kf8 $16) 19. a3 Qb3 20. Red1 c5 21. h5 (21. dxc5 Nxe5 22. Qd4 Nxd3 $16) (21. Bg5 c4 22.
h5 Rd7 $18) 21... Ne7 22. dxc5 d4 23. Bg5 f6 24. Bf4 (
24. exf6 gxf6 25. Bxf6 Rhg8 $18) 24... f5 25. Qe2 (25. Qxg7 Qd5 26. Kf1 Rde8 $11) 25... Qd5 26. f3 Nc6 27. Bc4 Qxc5 {[%emt 0:00:23] Threatens to win with ...d3+.} 28. Bxe6+ {[%emt 0:00:10]
This bishop pair is nice.} Kb8 29. Qc4 Qb6 30. Rd3 (30. Bxf5 Rdf8 31. e6+ Ka8 $11) 30...
Ba6 31. Qb3 Qxb3 32. Rxb3+ Ka7 33. a4 (33. Bxf5 Rhf8 34.
g4 Bc4 $14) 33... Nb4 (33... Rhe8 {was necessary.}) 34. Rc1
$18 (34. Bxf5 Rdf8 35. Rd1 (35. g4 g6 $15) 35... Rxf5 36. Rxd4
Re8 $11) 34... Kb6 35. Bd2 (35. Bxf5 $6 Rdf8
$18) 35... Rhe8 36. Bxf5 {[%emt 0:02:32] f4 is the strong
threat.} Rxe5 37. Be4 $36 {[%emt 0:00:06] Black is under
strong pressure.} (37. Bxh7 $6 Rxh5 38. Bg6 Rc5 $16) 37... Rc5 {[%emt 0:00:58]
[#]} 38. Rxc5 $1 (38. Bxh7 $6 Rxc1+ 39. Bxc1 Re8 $16) 38...
Kxc5 39. Ra3 (39. Bxh7 Bc4 40. Ra3 Re8 $16)
39... Re8 (39... h6 $142 40. Ra1 Bc4) 40. Ra1 (40. Bxh7 Re2 41. Bg5 Nd5 $14) 40... d3 $2 (40... Kc4 {
keeps fighting.} 41. Re1 (41. Bxh7 Kb3 $16) 41... Re7) 41. Rc1+ Nc2 42. Bxa5 Rb8 43. Bc3 Nd4 {[%emt 0:01:36] aiming for ...Ne2+.} 44. Bd2+ Nc2 45. b4+ ({But not
} 45. Bxh7 Rxb2 46. Bc3 Rb7 $18) 45... Kd4 $2 (45... Rxb4 46.
Bc3 (46. Bxh7 Rxa4 47. Bc3 Nd4 $16) (46. Bxb4+ Kxb4 47. Rxc2 dxc2 $18) 46...
Rxa4 47. Bxg7 Rxe4 48. fxe4 Bb7) 46. b5 Bb7 47. Bxb7 Rxb7 {[%emt 0:00:07] Endgame KRB-KRN} 48. Rb1 {
[%emt 0:00:00] Strongly threatening a5.} Na3 49. Rb4+ Nc4 50. a5 {[%emt 0:00:00][%cal Ya4a5,Ya5a6]
And now a6 would win.} Kc5 51. a6 {[%emt 0:00:00] Rxc4+ would
kill now.} Re7 $2 {[%emt 0:03:27] [#]} (51... Rxb5 52. a7 Nb6 53. Rxb5+ Kxb5)
52. Rxc4+ $1 Kxc4 (52... Kxb5 53. Rd4) 53. b6 Kd5 {[%emt 0:00:32] Weighted Error Value: White=0.22 (precise)
/Black=0.56} 1-0

[Event "44th Chess Olympiad Open 2022"]
[Site "Chennai"]
[Date "2022.07.29"]
[Round "1.23"]
[White "Darmanin, Jake"]
[Black "Ivic, Velimir"]
[Result "0-1"]
[WhiteElo "2101"]
[BlackElo "2581"]
[Annotator "TA"]
[PlyCount "84"]
[EventDate "2022.??.??"]
[TimeControl "60"]

1. e4 c5 2. c3 d5 3. exd5 Nf6 4. d4 cxd4 5. Bb5+ Bd7 6. Bxd7+ {[%emt 0:01:00]
B22: Sicilian: 2 c3.} (6. Bc4 $1 $14) 6... Qxd7 $11 7. Qxd4 Qxd5 8. Qxd5 {[%emt 0:05:56] The position is
equal.} (8. Nf3 {looks sharper.} Nc6 9. Qa4 e6 10. O-O) 8... Nxd5 9. Nf3 Nc6 {[%emt 0:00:00] [#]} 10. O-O $146 ({Predecessor:} 10. Na3 g6 11. Bg5 h6 12. Bd2 Bg7 13. Rd1 Rd8 14. O-O O-O
15. Bc1 e5 16. Rfe1 {½-½ (48) Lazar,A (2117)-Basagic,Z (2338) Ljubljana 2000}
) 10... e5 11. Nbd2 (11. c4
$5 Ndb4 12. Nc3 $11) 11... O-O-O 12. Nc4 f6 13. a4 e4 14. Nfd2 f5 15. Nb3 Be7 {
[%emt 0:02:07] Prevents Bg5.} 16. f3 exf3 17.
Rxf3 g6 18. Bd2 Rhe8 19. Re1 Nf6 20. Be3 Bf8 21. Rff1 Re4 22.
Nbd2 {[%emt 0:06:48] [#] Black continues to play with concentration.} (22. Rf4
$11 {keeps the balance.}) 22... Rxd2 $1 $17 23. Nxd2 {[%emt 0:
04:33] [#]} Rxe3 24. Rxe3 Bc5 25. Nc4 {[%cal Yg1h1] And now Kh1! would win.} Ng4 {[%emt 0:04:20] Pin} 26.
h3 (26. Rfe1 $17 f4 27. Kf1 (27. Nd6+ Kd7 $17) 27... Nxe3+ 28.
Nxe3 Bxe3 29. Rd1) 26... Nxe3 $19 27. Nxe3 Bxe3+ 28. Kh1 Kd7 29. Rd1+ Ke6 30. b4 a6 31. b5 (31. g3 {might work better.} Bg5 32. b5 axb5 33. axb5
) 31... axb5 32. axb5 Ne5 33. Rd8 b6 34. g3 h5 {
[%emt 0:06:07] ...g5 is the strong threat.} 35. Kg2 $2 (35.
Re8+ Kf6 36. Kg2) 35... g5 36. Rh8 f4 37. gxf4 gxf4 38. Re8+ Kf5 39. Kf1 f3 40. Rf8+ Ke4 {[%emt 0:00:32] ( -> ...Nc4)}
41. Rc8 {[%emt 0:06:55] Prevents Nc4.} Kd3 42. Re8 Nc4 {[%emt 0:00:34] Weighted Error Value: White=0.94/Black=0.05 
(flawless)} 0-1

[Event "44th Chess Olympiad Open 2022"]
[Site "Chennai"]
[Date "2022.07.29"]
[Round "1.23"]
[White "Vella, Duncan"]
[Black "Ivanisevic, Ivan"]
[Result "0-1"]
[WhiteElo "1985"]
[BlackElo "2561"]
[Annotator "TA"]
[PlyCount "68"]
[EventDate "2022.??.??"]
[TimeControl "60"]

1. e4 e5 2.
Nf3 Nc6 3. d4 exd4 4. Nxd4 Bc5 5. Nb3 Bb6 6. Nc3 a5 7. a4 Nb4 8. Nd5 Nxd5 9. exd5 Qf6 10. Qe2+ Ne7 11. g3 {[%emt 0:05:40] [#] C45: Scotch Game.} (11. Be3 $11
{keeps the balance.}) 11... d6 $146 {[%emt 0:00:00] Hoping for ...0-0.} ({
Predecessor:} 11... O-O 12. Bg2 d6 13. O-O Ng6 14. h3 Bd7 15. c3 Rfe8 16. Qd1
Re7 17. Nd4 Rae8 18. Be3 h6 {½-½ (41) Kaula,I (2025)-Guzik,J Wisla 1998}) 12.
Bg2 Bg4 13. f3 ({Better is} 
13. Qb5+ $1 $15 Bd7 14. Qe2) 13... Bd7 {[%emt 0:13:20] [#] aiming for ...0-0.}
14. Be3 Bxe3 15. Qxe3 O-O 16. Qd2 Qxb2 17. O-O Qf6 18. Rfe1 b6 19. c4 (19. Qd4 $17 Qxd4+ 20. Nxd4) 19... Nf5 $19 20. Qf2 (20. Re4 $142)
20... Rfe8 21. Re4 (21. Rec1 {was necessary.}
) 21... Qc3 22. Qa2 Ne3 23.
Nd2 $2 {[%emt 0:06:53] [#]} (23. Rc1 Qb4 24. Nd2) 23... f5 24.
Rxe8+ Rxe8 25. Re1 Qc2 (25... Kf7 $142 26. Bh3 Qd4) 26. Qxc2 Nxc2 27. Rxe8+ Bxe8 {[%emt 0:00:00] Endgame KBN-KBN
} 28. Bh3 g6 29. g4 (29. Bf1 $142) 29... Bxa4 {[%emt 0:00:42] Black is clearly
winning.} 30. gxf5 Bd7 31. Ne4 Bxf5 32. Nf6+ (32. Bxf5 $142 gxf5 33.
Nc3) 32... Kf7 33. Bxf5 gxf5 34. Nxh7 a4 {[%emt 0:00:19] Black took control after the
opening. Weighted Error Value: White=1.17/Black=0.19 (very precise)} 0-1